AoeStats
← Jinx

Pilgrims

509456182Analyzed
4v4 RM · 7d ago on Sep 26, 2026· 43m 43s· 8 players
Game mode
Random Map
Map size
Large (8 player)
Population
200
Speed
Normal
Resources
Standard
Victory
Conquest
Starting age
Dark Age
Ending age
Imperial Age
RankedLock teamsTeams togetherTeam positionsShared explorationLock speedFull tech treeHidden civsTurbo modeCheats
Victory
Defeat
🇬🇧 Italians · United Kingdom
1012
+15
🇮🇩 Huns · Indonesia
948
+18
🇮🇩 Huns · Indonesia
938
+18
🇨🇱 Slavs · Chile
936
+18
🇪🇸 Danes · Spain
1014
-18
🇦🇷 Byzantines · Argentina
984
-17
🇪🇸 Inca · Spain
980
-17
🇺🇸 Varangians · United States
979
-17
Jinx
5:39 Loom
12:04 Feudal Age
13:23 Wheelbarrow
12:39 Fishing Lines
12:49 Double-Bit Axe
13:15 Arson
14:30 Town Watch
14:42 Man-at-Arms
20:46 Castle Age
19:03 Scale Mail Armor
19:17 Forging
21:15 Fletching
21:31 Gambesons
25:54 Squires
29:12 Horse Collar
CountessOfGondomar
4:25 Loom
15:32 Feudal Age
19:04 Castle Age
17:00 Double-Bit Axe
16:55 Horse Collar
17:07 Gold Mining
17:07 Stone Mining
17:30 Champi Runner
18:04 Fishing Lines
22:08 Wheelbarrow
22:03 Bow Saw
33:04 Imperial Age
30:45 Murder Holes
31:12 Ballistics
31:02 Masonry
30:33 Treadmill Crane
30:56 Fletching
31:07 Padded Archer Armor
31:56 Heavy Plow
33:57 Leather Archer Armor
33:45 Scale Mail Armor
35:51 Chain Mail Armor
35:48 Forging
35:52 Squires
35:38 Arson
37:01 Hand Cart
36:32 Town Watch
39:19 Hoardings
41:20 Conscription
CountOfGondomar
6:25 Loom
11:56 Feudal Age
12:50 Double-Bit Axe
12:48 Fishing Lines
12:34 Man-at-Arms
13:25 Arson
14:15 Gold Mining
15:33 Scale Mail Armor
16:59 Horse Collar
20:58 Castle Age
19:32 Forging
19:40 Fletching
21:06 Long Swordsman
21:31 Gambesons
22:18 Bow Saw
23:05 Medium Warships
23:49 Wheelbarrow
24:20 Chain Mail Armor
24:48 Stone Mining
25:34 Gold Shaft Mining
25:29 Heavy Plow
25:13 Elite Skirmisher
26:20 Town Watch
26:44 Bodkin Arrow
27:06 Medium Warships
27:16 Medium Warships
26:59 Gillnets
28:29 Iron Casting
27:45 Crossbowman
29:04 Pikeman
29:45 Squires
30:45 Hand Cart
32:34 Murder Holes
35:27 Stone Shaft Mining
34:18 Hamask
37:38 Ballistics
41:25 Imperial Age
41:34 Caravan
42:03 Halberdier
davidAOE
6:44 Loom
12:30 Feudal Age
13:10 Double-Bit Axe
14:35 Gold Mining
16:45 Wheelbarrow
19:57 Castle Age
18:34 Fishing Lines
19:31 Forging
19:27 Scale Barding Armor
20:04 Horse Collar
20:53 Medium Warships
23:05 Iron Casting
27:27 Hand Cart
29:26 Pikeman
30:07 Squires
29:31 Pikeman
31:35 Scale Mail Armor
34:53 Chain Mail Armor
37:31 Gillnets
43:32 Imperial Age
42:01 Bow Saw
43:25 Husbandry
43:49 Chain Barding Armor
43:20 Fletching
ChumaPrime
7:37 Loom
9:55 Feudal Age
10:57 Double-Bit Axe
12:11 Fishing Lines
12:16 Horse Collar
14:23 Fishing Lines
18:23 Castle Age
16:42 Stone Mining
21:12 Wheelbarrow
23:20 Bloodlines
28:26 Hand Cart
34:06 Bow Saw
36:59 Imperial Age
35:14 Ballistics
36:03 Heavy Plow
36:17 Masonry
36:23 Forging
36:13 Scale Mail Armor
36:19 Scale Barding Armor
36:44 Gillnets
39:44 Chemistry
40:18 Heavy Scorpion
41:31 Gold Mining
44:12 Husbandry
marcopolo
5:01 Loom
12:01 Feudal Age
12:41 Double-Bit Axe
12:51 Gold Mining
12:51 Stone Mining
13:26 Fishing Lines
13:54 Stone Mining
18:20 Forging
18:15 Scale Barding Armor
18:54 Wheelbarrow
21:39 Castle Age
21:21 Bloodlines
21:35 Horse Collar
23:15 Iron Casting
23:00 Chain Barding Armor
22:45 Husbandry
22:05 Light Cavalry
23:18 Gillnets
27:09 Imperial Age
24:57 Hand Cart
25:50 Marauders
27:31 Cavalier
31:13 Plate Barding Armor
31:27 Hussar
37:17 Elite Tarkan
theLamb42
12:43 Feudal Age
13:32 Man-at-Arms
17:35 Forging
23:39 Castle Age
Sleeperis4065
11:30 Feudal Age
9:45 Loom
17:30 Castle Age
20:19 Double-Bit Axe
21:08 Marauders
25:11 Horse Collar
25:56 Bloodlines
28:22 Husbandry
30:00 Wheelbarrow
30:33 Scale Barding Armor
30:39 Forging
31:43 Chain Barding Armor
31:28 Heavy Plow
34:41 Imperial Age
34:48 Iron Casting
34:47 Hand Cart
34:18 Town Watch
34:55 Elite Tarkan
35:54 Gold Mining
37:03 Plate Barding Armor
38:23 Blast Furnace
40:19 Cavalier
Connection lost

Rejoining the realm…

Still unreachable

The connection could not be restored.

Session expired

The server has moved on; the page needs a fresh start.